 Dungeon Crawl Stone Soup version 0.29-a0-451-gfbfa42419e (webtiles) character file.

Game seed: 91268331341370041

4051 happo123 the Nimble (level 10, -6/60 HPs)
             Began as a Djinni Earth Elementalist on May 20, 2022.
             Was a Believer of Dithmenos.
             Mangled by a yak (8 damage)
             ... on level 7 of the Dungeon.
             The game lasted 00:44:42 (8064 turns).

happo123 the Nimble (Djinni Earth Elementalist)     Turns: 8064, Time: 00:44:42

Health: -6/60      AC: 13    Str: 11    XL:     10   Next: 48%
Gold:   221        EV: 13    Int: 30    God:    Dithmenos [**....] SH:  0 Dex: 13

rFire   + + .      SeeInvis +   x - staff of conjuration
rCold   x . .      Faith    .   (no shield)
rNeg    . . .      Spirit   .   m - +3 ring mail "Ytof" {Str+4 Int+2 SInv}
rPois   ∞          Reflect  .   (no helmet)
rElec   .          Harm     .   v - +0 cloak
rCorr   .          Rampage  .   (no gloves)
Will    +....                   (boots unavailable)
Stlth   ++++......              (no amulet)
HPRegen 0.20/turn               p - +4 ring of protection
MPRegen 0.00/turn               l - +6 ring of intelligence

@: flying, wreathed by umbra
A: sickness immunity, fire resistance 2, cold vulnerability 1, float, innate
caster, HP casting, extra vitality 1
a: Renounce Religion, Shadow Step


You were on level 7 of the Dungeon.
You worshipped Dithmenos.
Dithmenos was pleased with you.
You visited 1 branch of the dungeon, and saw 7 of its levels.

You collected 287 gold pieces.
You spent 66 gold pieces at shops.

Inventory:

Hand Weapons
 k - the +6 short sword of a wizard's laboratory {antimagic, rElec rCorr}
   (You found it on level 2 of the Dungeon)

   It reduces the magical energy of the wielder, and disrupts the spells and
   magical abilities of those it strikes.
   Natural abilities and divine invocations are not affected.
   rElec:     It insulates you from electricity.
   rCorr:     It protects you from acid and corrosion.
 u - a +4 quarterstaff of chaos
Missiles
 a - 128 stones
 w - a throwing net
Armour
 m - the +3 ring mail "Ytof" (worn) {Str+4 Int+2 SInv}
   (You found it on level 2 of the Dungeon)

   Str:       It affects your strength (+4).
   Int:       It affects your intelligence (+2).
   SInv:      It lets you see invisible.
 v - a +0 cloak (worn)
Magical Staves
 x - a staff of conjuration (weapon)
Jewellery
 j - a ring of protection from fire
 l - a +6 ring of intelligence (right hand)
 p - a +4 ring of protection (left hand)
 C - a ring of fire
Wands
 z - a wand of polymorph (21)
Scrolls
 c - 7 scrolls of identify
 d - a scroll of torment {unknown}
 f - 4 scrolls of teleportation
 q - 2 scrolls of fear {unknown}
 r - 2 scrolls of magic mapping {unknown}
 s - 2 scrolls of immolation {unknown}
 t - 2 scrolls of enchant weapon {unknown}
 y - a scroll of noise {unknown}
 A - 2 scrolls of vulnerability {unknown}
 B - a scroll of blinking {unknown}
Potions
 b - 2 potions of degeneration {unknown}
 e - a potion of brilliance {unknown}
 g - 2 potions of curing
 h - 3 potions of berserk rage
 i - 2 potions of attraction {unknown}
 n - a potion of heal wounds {unknown}
 o - 2 potions of mutation {unknown}


   Skills:
 + Level 9.4 Dodging
 + Level 7.9 Stealth
 + Level 6.9 Spellcasting


You had 2 spell levels left.
You knew the following spells:

 Your Spells              Type           Power      Damage    Failure   Level
a - Sandblast             Erth           100%       2d20      1%          1
b - Passwall              Tmut/Erth      42%        N/A       1%          2
c - Stone Arrow           Conj/Erth      100%       3d13      1%          3
d - Petrify               Tmut/Erth      51%        N/A       7%          4
e - Summon Small Mammal   Summ           100%       N/A       1%          1
f - Call Imp              Summ           51%        N/A       1%          2
g - Portal Projectile     Hex/Tloc       100%       N/A       1%          3
h - Olgreb's Toxic Radia  Pois           51%        N/A       7%          4
Your spell library was empty.

Dungeon Overview and Level Annotations

Branches:
Dungeon (7/15)             Temple (0/1) D:4

Altars:
Ashenzari
Cheibriados
Dithmenos
Elyvilon
Fedhas
Nemelex Xobeh
Qazlal
Sif Muna
Vehumet
Yredelemnul
Zin
The Shining One

Shops:
D:1 (   D:3 !   D:5 ((??   D:7 *


Innate Abilities, Weirdness & Mutations

You are immune to sickness and miasma.
You are immune to poison.
Your flesh is very heat resistant. (rF++)
You are vulnerable to cold. (rC-)
You float through the air rather than walking.
You learn spells naturally, not from books.
Your magical power is your life essence.
You have superior vitality. (+4 MHP)


Message History

Your crimson imp disappears in a puff of smoke!
The yak gores you.
* * * LOW HITPOINT WARNING * * *
Casting: Call Imp (safe; 1% risk of failure)
Confirm with . or Enter, or press ? or * to list all spells.
Aiming: Sandblast (safe; 1% risk of failure)
Press: ? - help, Shift-Dir - straight line, f - yak
Aim: a yak (lightly wounded, ally target, umbra, 90% to hit)
The blast of sand hits the yak but does no damage.
The yak is lightly wounded.
a - 129 stones
* * * LOW HITPOINT WARNING * * *
The yak closely misses you.
Your crimson imp blinks!
Aiming: Stone Arrow (safe; 1% risk of failure)
Press: ? - help, Q - select action, (/) - cycle Shift-Dir - straight line, f/p - yak
Aim: a yak (blue smoke, lightly wounded, ally target, umbra, 87% to hit)
You feel a surge of power!
Really fire in your crimson imp's direction?
The stone arrow hits the yak!!
The yak is severely wounded.
* * * LOW HITPOINT WARNING * * *
The yak closely misses you.
Your crimson imp closely misses the yak.
Casting: Stone Arrow (safe; 1% risk of failure)
Confirm with . or Enter, or press ? or * to list all spells.
Okay, then.
You don't have enough health to cast this spell.
Casting: Stone Arrow (safe; 1% risk of failure)
Confirm with . or Enter, or press ? or * to list all spells.
Aiming: Sandblast (safe; 1% risk of failure)
Press: ? - help, Shift-Dir - straight line, f/p - yak
Aim: a yak (blue smoke, severely wounded, ally target, umbra, 90% to hit)
Really fire in your crimson imp's direction?
The blast of sand hits the yak!
The yak is almost dead.
a - 128 stones
* * * LOW HITPOINT WARNING * * *
The yak gores you!
You die...

####.###.#...#
#.##)..#.########
#...##.#...†.....
#######..)##.#######.##
.......)..##.# #####.#
###..§....##.# #.....#
#.†.5.§....# #.##..#
#..†Y...######.....#
....5###@.....#.......##
.... ######....#.#### .
. ####..<..# #........#
#. .# #.######## . #.#.#
####.# . #.#.#####
#####....# ..#...#...#
...#.#### ..#.......
###.#.#


You could see a yak (ally target) and a friendly crimson imp (summoned).

Vanquished Creatures
  5 yaks (D:7)
  4 water moccasins
  Duvessa (D:7)
  3 sky beasts
  2 ice beasts
  2 centaurs
  A kobold brigand (D:7)
  3 bullfrogs
  2 necrophages
  5 scorpions
  5 wights (D:6)
  Dowan (D:7)
  3 killer bees (D:7)
  A howler monkey (D:6)
  4 hounds
  7 jellies
  3 iguanas (D:6)
  Robin (D:4)
  3 gnolls (D:3)
  10 adders
  3 shadow imps
  2 white imps (D:6)
  An ufetubus (D:6)
  A worm (D:2)
  10 orcs
  5 ball pythons
  6 endoplasms
  3 giant cockroaches (D:2)
  8 hobgoblins
  3 jackals (D:2)
  11 kobolds
  3 quokkas
  3 bats
  2 frilled lizards
  14 goblins
  8 rats
149 creatures vanquished.

Vanquished Creatures (collateral kills)
  A sky beast (D:6)
  A black bear (D:5)
  An ogre (D:5)
  Crazy Yiuf (D:4)
  An iguana (D:4)
  An adder (D:4)
  4 orcs
  2 endoplasms
  2 goblins (D:4)
  A hobgoblin (D:4)
15 creatures vanquished.

Vanquished Creatures (others)
  A fungus (D:4)
  A plant (D:3)
2 creatures vanquished.

Grand Total: 166 creatures vanquished

Notes
Turn   | Place    | Note
-------+----------+-------------------------------------------
     0 | D:1      | happo123 the Djinni Earth Elementalist began the quest for
                  | the Orb.
     0 | D:1      | Reached XP level 1. HP: 15/15 MP: 0/0
   189 | D:1      | Reached XP level 2. HP: 17/21 MP: 0/0
   432 | D:1      | Found Ymah's Antique Weapon Shop.
   566 | D:1      | Reached XP level 3. HP: 23/25 MP: 0/0
   566 | D:1      | Learned a level 1 spell: Summon Small Mammal
  1099 | D:2      | Found a faded altar of an unknown god.
  1139 | D:2      | Identified the +6 short sword of a wizard's laboratory
                  | {antimagic, rElec rCorr}
  1225 | D:2      | Identified the +3 ring mail "Ytof" {Str+4 Int+2 SInv}
  1272 | D:2      | Reached skill level 3 in Dodging
  1571 | D:2      | Reached XP level 4. HP: 30/31 MP: 0/0
  2006 | D:3      | Found a shadowy altar of Dithmenos.
  2006 | D:3      | Found Dagaohiv's Distillery.
  2275 | D:3      | Found a blossoming altar of Fedhas.
  2307 | D:3      | Became a worshipper of Dithmenos the Shadowed
  2321 | D:3      | Found a white marble altar of Elyvilon.
  2324 | D:3      | Found a broken altar of Ashenzari.
  2332 | D:3      | Reached XP level 5. HP: 31/35 MP: 0/0
  2332 | D:3      | Learned a level 2 spell: Call Imp
  2657 | D:3      | Found a glowing golden altar of the Shining One.
  2867 | D:4      | Found a staircase to the Ecumenical Temple.
  3124 | D:4      | Noticed Robin
  3128 | D:4      | Reached skill level 4 in Dodging
  3131 | D:4      | Reached XP level 6. HP: 23/40 MP: 0/0
  3147 | D:4      | Killed Robin
  3517 | D:4      | Reached * piety under Dithmenos
  3654 | D:4      | Found a snail-covered altar of Cheibriados.
  3810 | D:4      | Found a runed translucent door.
  3811 | D:4      | Noticed Crazy Yiuf
  3819 | D:4      | Killed Crazy Yiuf
  3962 | D:5      | Entered Level 5 of the Dungeon
  3996 | D:5      | Noticed an ogre
  4004 | D:5      | Killed an ogre
  4014 | D:5      | Found a sparkling altar of Nemelex Xobeh.
  4074 | D:5      | Reached XP level 7. HP: 42/45 MP: 0/0
  4074 | D:5      | Learned a level 3 spell: Portal Projectile
  4193 | D:5      | Found Wurec's Weapon Boutique.
  4196 | D:5      | Found Qucw's Magic Scroll Boutique.
  4212 | D:5      | Found Isoub's Magic Scroll Boutique.
  4212 | D:5      | Found Ducyur's Weapon Boutique.
  4229 | D:5      | Bought 3 scrolls of identify for 66 gold pieces
  4238 | D:5      | Reached skill level 5 in Dodging
  5005 | D:5      | Identified the +3 leather armour of the Sunfish {Fly Str+3}
  5073 | D:6      | Found a basalt altar of Yredelemnul.
  5141 | D:6      | Found a stormy altar of Qazlal.
  5191 | D:6      | Reached XP level 8. HP: 44/50 MP: 0/0
  5360 | D:6      | Reached skill level 6 in Dodging
  5385 | D:6      | Reached skill level 5 in Stealth
  5674 | D:6      | Reached skill level 5 in Spellcasting
  5868 | D:6      | Reached XP level 9. HP: 41/55 MP: 0/0
  5868 | D:6      | Learned a level 4 spell: Olgreb's Toxic Radiance
  5871 | D:6      | Reached skill level 7 in Dodging
  6092 | D:6      | Reached ** piety under Dithmenos
  6271 | D:6      | Reached skill level 8 in Dodging
  7458 | D:7      | Noticed Duvessa
  7458 | D:7      | Noticed Dowan
  7463 | D:7      | Killed Duvessa
  7467 | D:7      | Killed Dowan
  7653 | D:7      | Reached XP level 10. HP: 54/60 MP: 0/0
  7668 | D:7      | Found Zin's Purification Station.
  7670 | D:7      | Found a glowing silver altar of Zin.
  7814 | D:7      | Reached skill level 9 in Dodging
  8064 | D:7      | Mangled by a yak

Illustrated notes

Levels and vault maps discovered:
D:1:      dpeg_arrival_rooms_b, layout_rooms, serial_shops, shop
D:2:      layout_basic, dreamdust_ecumenical_altar_grove
D:3:      layout_rooms, tso_altar, overflow_temple_1_default,
          gammafunk_temple_overflow_forgotten, serial_shops,
          nicolae_shop_waterfront
D:4:      layout_basic, mainiacjoe_overflow_alcove_2, temple_statues,
          uniq_crazy_yiuf_cottage, uniq_robin
D:5:      layout_loops_ring, general_overflow_altar, kennysheep_little_box,
          minmay_shop_grid_forest, grunt_decor_arrowhead
D:6:      minmay_octagon_keep, layout_layer_cave, grunt_qazlal_clouds,
          lemuel_tele_altar, minmay_joined_circles
D:7:      layout_basic, mainiacjoe_overflow_catwalk, tgw_kikubaaqudgha,
          mainiacjoe_overflow_concentric_impassable, zin_purify, uniq_duvessa,
          uniq_maggie

Skill      XL: |  1  2  3  4  5  6  7  8  9 10 |
---------------+-------------------------------+-----
Stealth        | 2 3 4 5 7 |  7.9
Dodging        | 3 4 5 6 8 9 |  9.4
Spellcasting   | 3 4 5 6 |  6.9

Action                   |  1- 3 |  4- 6 |  7- 9 | 10-12 || total
-------------------------+-------+-------+-------+-------++-------
Melee: Unarmed           |       |     1 |     1 |       ||     2
       Staff             |       |       |       |     1 ||     1
 Cast: Sandblast         |    54 |    51 |    37 |    13 ||   155
       Summon Small Mamm |     3 |     6 |     2 |     1 ||    12
       Stone Arrow       |       |     7 |    61 |    20 ||    88
       Call Imp          |       |    10 |    13 |     4 ||    27
       Passwall          |       |     2 |       |       ||     2
       Olgreb's Toxic Ra |       |       |     3 |     2 ||     5
  Use: Scroll            |       |       |     3 |       ||     3
       Potion            |       |       |     1 |       ||     1
Armor: Robe              |     2 |       |       |       ||     2
       Ring mail         |       |    13 |    16 |     5 ||    34
Dodge: Dodged            |     5 |    21 |    35 |    18 ||    79

Table legend: (Time is in decaauts)
 A = Elapsed time spent in this place.
 B = Non-inter-level travel time spent in this place.
 C = Inter-level travel time spent in this place.
 D = Time resting spent in this place.
 E = Time spent auto-exploring this place.
 F = Levels seen in this place.
 G = Mean time per level.
                   A        B        C        D        E       F      G
               +--------+--------+--------+--------+--------+-----+--------+
         Total |   8060 |   6863 |   1197 |   2047 |   3886 |   7 | 1151.4 |
       Dungeon |   8060 |   6863 |   1197 |   2047 |   3886 |   7 | 1151.4 |
               +--------+--------+--------+--------+--------+-----+--------+

Top non-repeatable levels by time:
     D:6: 2347 daAuts
     D:4: 1170 daAuts
     D:5: 1062 daAuts
     D:2: 981 daAuts
     D:1: 973 daAuts
     D:3: 833 daAuts
     D:7: 690 daAuts
